 Dungeon Crawl Stone Soup version 0.29-a0-91-gdebf4667c2 (webtiles) character file.

Game seed: 621530907992830843

81 Murumi the Skirmisher (level 4, 0/49 HPs)
             Began as an Ogre Fighter on Feb 8, 2022.
             Killed from afar by an orc wizard (9 damage)
             ... with a magic dart
             ... on level 3 of the Dungeon.
             The game lasted 00:06:39 (2357 turns).

Murumi the Skirmisher (Ogre Fighter)                Turns: 2357, Time: 00:06:40

Health: 0/49       AC:  5    Str: 20    XL:     4   Next: 40%
Magic:  4/4        EV:  8    Int: 11    God:
Gold:   166        SH:  8    Dex:  8    Spells: 3/3 levels left

rFire   . . .      SeeInvis .   a - +0 flail
rCold   . . .      Faith    .   c - +1 kite shield
rNeg    + . .      Spirit   .   h - +2 robe of Hepliaklqana's Wrath {rPois}
rPois   +          Reflect  .   (helmet restricted)
rElec   .          Harm     .   (no cloak)
rCorr   .          Rampage  .   (gloves unavailable)
Will    .....                   (boots unavailable)
Stlth   +.........              (no amulet)
HPRegen 0.16/turn               g - ring of positive energy
MPRegen 0.09/turn               (no ring)

@: mighty
A: large, unfitting armour, tough skin 1
a: no special abilities


You were on level 3 of the Dungeon.
You visited 1 branch of the dungeon, and saw 3 of its levels.

You collected 166 gold pieces.

Inventory:

Hand Weapons
 a - a +0 flail (weapon)
Missiles
 f - 20 stones (quivered)
Armour
 c - a +1 kite shield (worn)
 h - the +2 robe of Hepliaklqana's Wrath (worn) {rPois}
   (You found it on level 2 of the Dungeon)

   rPois:     It protects you from poison.
Jewellery
 g - a ring of positive energy (left hand)
Potions
 b - a potion of curing
 d - a potion of might
 e - a potion of lignification
 j - a potion of brilliance


   Skills:
 + Level 4.8 Fighting
 - Level 2.0 Maces & Flails
 - Level 2.0 Throwing
 - Level 1.0 Armour
 - Level 3.0 Dodging
 - Level 3.0 Shields


You had 3 spell levels left.
You didn't know any spells.
Your spell library was empty.

Dungeon Overview and Level Annotations

Branches:
Dungeon (3/15)

Altars:
Ashenzari


Innate Abilities, Weirdness & Mutations

You are too large for most types of armour.
You have tough skin. (AC +1)


Message History

The magic dart hits you!
The orc priest calls upon Beogh to heal the orc wizard.
The orc wizard is healed somewhat.
The orc wizard hits you with a +0 dagger.
You bump into the rock wall.
The orc wizard points at you and mumbles some strange words.
The puff of flame hits you!
You feel better.
The orc wizard hits you but does no damage.
You sock the orc wizard!
The orc wizard is severely wounded.
The orc wizard hits you but does no damage.
The orc priest mumbles some strange prayers to Beogh against you.
Beogh smites you!
* * * LOW HITPOINT WARNING * * *
You closely miss the orc wizard.
The orc wizard is severely wounded.
The orc wizard hits you but does no damage. x2
You closely miss the orc wizard.
The orc wizard is severely wounded.
The orc priest looks encouraged for a moment.
The orc wizard casts a spell.
The orc wizard flickers and vanishes!
Deactivating autopickup; reactivate with Ctrl-A.
You closely miss something. Something completely misses you.
You barely miss something. Something hits you but does no damage.
You hear some strange, mumbled words.
A magic dart appears from out of thin air!
The magic dart hits you!
* * * LOW HITPOINT WARNING * * *
You completely miss something.
You hear some strange, mumbled words.
Something tries to affect you, but you resist.
The orc priest mumbles some strange prayers to Beogh against you.
Something writhes in agony.
You barely miss something.
You hear some strange, mumbled words.
A magic dart appears from out of thin air!
The magic dart hits you!
You die...

#....♣.# #. #......#
#. #.(#....# ..# #.
#.(##..S# #.# .####.
#######.##(.(#
.o.##[# ......
#<.........((##
<.##.# #####.
#.###..#.g..oo# .##.#
#. #o. . ##...#{#
##.# #. #..#
#....#@######^#####
#. #{.#
#...##.#............#
#. .oo. ...#
#.########.###.####.
#..# #.. ... #.#
#...... #..# ##
#..#######.########.
#...........# #.
########..#######.
#........<.
##.#######.


You could see an orc priest and an orc.

Vanquished Creatures
  Ijyb (D:3)
  An adder (D:3)
  An ufetubus (D:3)
  2 orcs (D:3)
  2 bats (D:2)
  4 endoplasms
  4 goblins
  4 hobgoblins
  3 jackals
  3 quokkas
  2 ball pythons
  6 frilled lizards
  A kobold (D:1)
  4 rats
38 creatures vanquished.

Notes
Turn   | Place    | Note
-------+----------+-------------------------------------------
     0 | D:1      | Murumi the Ogre Fighter began the quest for the Orb.
     0 | D:1      | Reached XP level 1. HP: 24/24 MP: 1/1
   310 | D:1      | Reached XP level 2. HP: 32/32 MP: 2/2
  1325 | D:2      | Reached skill level 1 in Armour
  1411 | D:2      | Identified the +2 robe of Hepliaklqana's Wrath {rPois}
  1435 | D:2      | Reached XP level 3. HP: 33/39 MP: 3/3
  1527 | D:2      | Reached skill level 1 in Throwing
  2016 | D:3      | Found a broken altar of Ashenzari.
  2163 | D:3      | Noticed Ijyb
  2191 | D:3      | Killed Ijyb
  2192 | D:3      | Reached XP level 4. HP: 49/49 MP: 4/4
  2357 | D:3      | Killed from afar by an orc wizard

Illustrated notes

Levels and vault maps discovered:
D:1:      dpeg_arrival_simpleton_c, layout_loops_cross
D:2:      minmay_recursive_quarters, layout_basic, serial_bayou_ford_a
D:3:      layout_loops_ring, nicolae_ashenzari_skybound, grunt_ministairs_12,
          uniq_sigmund, uniq_ijyb

Skill      XL: |  1  2  3 |
---------------+----------+-----
Maces & Flails | 2 |  2.0
Dodging        | 3 |  3.0
Shields        | 3 |  3.0
Armour         | 1 |  1.0
Throwing       | 2 |  2.0
Fighting       | |  4.8

Action                   |  1- 3 |  4- 6 || total
-------------------------+-------+-------++-------
Melee: Flail             |   154 |    18 ||   172
Throw: Stone             |     7 |     9 ||    16
  Use: Scroll            |     8 |       ||     8
       Potion            |       |     2 ||     2
Armor: Robe              |    55 |     8 ||    63
       Skin              |     4 |       ||     4
Dodge: Dodged            |    64 |     4 ||    68
Block: Kite shield       |    68 |     3 ||    71

Table legend: (Time is in decaauts)
 A = Elapsed time spent in this place.
 B = Non-inter-level travel time spent in this place.
 C = Inter-level travel time spent in this place.
 D = Time resting spent in this place.
 E = Time spent auto-exploring this place.
 F = Levels seen in this place.
 G = Mean time per level.
                   A        B        C        D        E       F      G
               +--------+--------+--------+--------+--------+-----+--------+
         Total |   2440 |   2230 |    210 |      0 |   1742 |   3 |  813.3 |
       Dungeon |   2440 |   2230 |    210 |      0 |   1742 |   3 |  813.3 |
               +--------+--------+--------+--------+--------+-----+--------+

Top non-repeatable levels by time:
     D:1: 1221 daAuts
     D:2: 779 daAuts
     D:3: 439 daAuts
